[ AOE2 MATCH · #492153466 ]
UnrankedBohemians vs Khmer
[ REPLAY ANALYSIS · EXTRACTED FROM THE RECORDED GAME ]
Feudal
13:35
Castle
21:43
Imperial
—
| APM avg | 23.0 |
| APM peak | 47 |
| eAPM avg | 18.8 |
| Villagers / military | 94 / 0 |
Focus
⚔️ 7.6% · 🌾 92.4%
Feudal
13:27
Castle
17:22
Imperial
—
| APM avg | 39.3 |
| APM peak | 80 |
| eAPM avg | 20.0 |
| Villagers / military | 112 / 0 |
Focus
⚔️ 9.4% · 🌾 90.6%
Feudal
11:36
Castle
22:55
Imperial
—
| APM avg | 12.9 |
| APM peak | 32 |
| eAPM avg | 11.2 |
| Villagers / military | 50 / 24 |
Focus
⚔️ 21.2% · 🌾 78.8%
Knight ×17 · Camel Scout ×5 · Monk ×1 · Scout Cavalry ×1
Feudal
13:29
Castle
21:59
Imperial
—
| APM avg | 14.3 |
| APM peak | 60 |
| eAPM avg | 8.5 |
| Villagers / military | 64 / 0 |
Focus
⚔️ 10.9% · 🌾 89.1%
Feudal
9:31
Castle
21:00
Imperial
—
| APM avg | 21.7 |
| APM peak | 58 |
| eAPM avg | 13.2 |
| Villagers / military | 60 / 23 |
Focus
⚔️ 17.1% · 🌾 82.9%
Battle Elephant ×16 · Militia ×6 · Spearman ×1
Feudal
10:42
Castle
16:08
Imperial
—
| APM avg | 34.6 |
| APM peak | 69 |
| eAPM avg | 22.2 |
| Villagers / military | 80 / 1 |
Focus
⚔️ 11.7% · 🌾 88.3%
Unknown (1944) ×46 · Monk ×1
Feudal
11:54
Castle
15:27
Imperial
—
| APM avg | 38.2 |
| APM peak | 75 |
| eAPM avg | 24.5 |
| Villagers / military | 50 / 24 |
Focus
⚔️ 25.7% · 🌾 74.3%
Unknown (1920) ×21 · Fire Lancer ×16 · Battering Ram ×7 · Scorpion ×1
Feudal
14:00
Castle
19:58
Imperial
—
| APM avg | 22.5 |
| APM peak | 50 |
| eAPM avg | 13.9 |
| Villagers / military | 56 / 8 |
Focus
⚔️ 12.5% · 🌾 87.5%
Militia ×6 · Archer ×2
Match map
Initial resources + every placement click. Lines = walls · curves = elevation contours. ◆ gold · ⬟ stone · ● berries · ✦ relic · ◌ wall gap
Your base· ✓ Closed at 21:43 · 25t walls · fragile
bryanrojasn's base· ✓ Closed at 17:22 · 35t walls · no gate
Ciccione's base· ✓ Closed at 22:55 · 37t walls · fragile
lumpuy1's base· ✓ Closed at 21:59 · 30t walls · no gate
Spears's base· ✓ Closed at 21:00 · 11t walls · 1 gate(s)
redcosmosan's base· ✓ Closed at 16:08 · 0t walls · fragile
balas351's base· ✓ Closed at 15:27 · 17t walls · no gate
ionut_s's base· ✓ Closed at 19:58 · 22t walls · 1 gate(s) · fragile
Smoothed initial terrain · ◌ = detected wall gap · hover for details
Inputs per minute
— badcipri - - bryanrojasn
Build order — badcipri
First 150 of 157 actions detected
| 0:01 | Create | Villager (Male) |
| 0:02 | Create | Villager (Male) |
| 0:02 | Create | Villager (Male) |
| 0:03 | Build | House |
| 0:04 | Build | House |
| 0:18 | Create | Villager (Male) |
| 0:19 | Create | Villager (Male) |
| 0:34 | Build | House |
| 0:45 | Research | Loom |
| 1:01 | Create | Villager (Male) |
| 1:02 | Create | Villager (Male) |
| 1:02 | Create | Villager (Male) |
| 1:45 | Create | Villager (Male) |
| 1:45 | Create | Villager (Male) |
| 1:58 | Build | Palisade Wall |
| 2:12 | Create | Villager (Male) |
| 2:12 | Create | Villager (Male) |
| 2:31 | Create | Villager (Male) |
| 2:32 | Create | Villager (Male) |
| 2:58 | Build | Lumber Camp |
| 3:01 | Create | Villager (Male) |
| 3:01 | Create | Villager (Male) |
| 3:24 | Create | Villager (Male) |
| 4:22 | Create | Villager (Male) |
| 4:22 | Create | Villager (Male) |
| 5:10 | Create | Villager (Male) |
| 5:10 | Create | Villager (Male) |
| 5:22 | Create | Villager (Male) |
| 5:23 | Create | Villager (Male) |
| 5:23 | Create | Villager (Male) |
| 5:33 | Build | Palisade Wall |
| 6:21 | Create | Villager (Male) |
| 6:21 | Create | Villager (Male) |
| 6:21 | Create | Villager (Male) |
| 6:24 | Build | House |
| 6:36 | Create | Villager (Male) |
| 6:36 | Create | Villager (Male) |
| 6:36 | Create | Villager (Male) |
| 7:32 | Create | Villager (Male) |
| 7:32 | Create | Villager (Male) |
| 7:32 | Create | Villager (Male) |
| 7:45 | Build | Mill |
| 7:46 | Create | Villager (Male) |
| 7:46 | Create | Villager (Male) |
| 8:35 | Create | Villager (Male) |
| 8:35 | Create | Villager (Male) |
| 9:39 | Build | Mill |
| 9:43 | Create | Villager (Male) |
| 10:05 | Create | Villager (Male) |
| 10:05 | Create | Villager (Male) |
| 10:05 | Create | Villager (Male) |
| 10:15 | Create | Villager (Male) |
| 10:34 | Create | Villager (Male) |
| 10:36 | Build | House |
| 10:45 | Research | Feudal Age |
| 11:05 | Build | Palisade Wall |
| 11:06 | Build | Palisade Wall |
| 11:15 | Build | Palisade Wall |
| 11:17 | Build | Palisade Wall |
| 11:19 | Build | Palisade Wall |
| 11:22 | Create | Villager (Male) |
| 11:27 | Create | Villager (Male) |
| 12:33 | Create | Villager (Male) |
| 13:12 | Build | Mining Camp |
| 13:35 | Age | Feudal Age |
| 13:48 | Build | Mill |
| 13:53 | Create | Villager (Male) |
| 13:56 | Build | Farm |
| 14:08 | Build | House |
| 14:16 | Create | Villager (Male) |
| 14:29 | Build | Farm |
| 14:57 | Build | Farm |
| 15:00 | Create | Villager (Male) |
| 15:33 | Create | Villager (Male) |
| 15:36 | Build | Farm |
| 15:44 | Build | Farm |
| 16:14 | Create | Villager (Male) |
| 16:29 | Build | House |
| 16:47 | Create | Villager (Male) |
| 17:06 | Build | Lumber Camp |
| 17:14 | Create | Villager (Male) |
| 17:24 | Create | Villager (Male) |
| 17:42 | Build | Market |
| 17:47 | Create | Villager (Male) |
| 18:32 | Build | Blacksmith |
| 18:35 | Create | Villager (Male) |
| 18:39 | Build | House |
| 18:45 | Research | Double-Bit Axe |
| 18:52 | Build | Mining Camp |
| 19:03 | Research | Castle Age |
| 19:56 | Create | Villager (Male) |
| 21:39 | Create | Villager (Male) |
| 21:39 | Create | Villager (Male) |
| 21:43 | Age | Castle Age |
| 21:56 | Build | Castle |
| 21:58 | Create | Villager (Male) |
| 21:59 | Create | Villager (Male) |
| 22:37 | Build | Town Center |
| 22:41 | Create | Villager (Male) |
| 22:41 | Create | Villager (Male) |
| 23:18 | Create | Villager (Male) |
| 23:18 | Create | Villager (Male) |
| 23:24 | Build | House |
| 23:26 | Build | House |
| 23:42 | Create | Villager (Male) |
| 23:43 | Create | Villager (Male) |
| 23:59 | Build | Farm |
| 24:04 | Create | Villager (Male) |
| 24:04 | Create | Villager (Male) |
| 24:04 | Create | Villager (Male) |
| 24:18 | Build | Farm |
| 24:18 | Build | Farm |
| 24:18 | Build | Farm |
| 24:19 | Build | Farm |
| 24:19 | Build | Farm |
| 24:19 | Build | Farm |
| 24:22 | Create | Villager (Male) |
| 24:22 | Create | Villager (Male) |
| 24:34 | Build | Farm |
| 24:35 | Build | Farm |
| 24:39 | Build | Farm |
| 24:40 | Build | Farm |
| 24:41 | Build | Farm |
| 24:42 | Create | Villager (Male) |
| 24:43 | Create | Villager (Male) |
| 24:54 | Build | Farm |
| 24:56 | Build | Farm |
| 25:11 | Build | Farm |
| 25:31 | Create | Villager (Male) |
| 25:32 | Create | Villager (Male) |
| 25:36 | Build | Farm |
| 25:40 | Build | Farm |
| 25:41 | Create | Villager (Male) |
| 25:41 | Create | Villager (Male) |
| 25:56 | Build | Town Center |
| 26:01 | Create | Villager (Male) |
| 26:01 | Create | Villager (Male) |
| 26:02 | Create | Villager (Male) |
| 26:12 | Build | Stone Wall |
| 26:14 | Create | Villager (Male) |
| 26:15 | Create | Villager (Male) |
| 26:20 | Build | Farm |
| 26:26 | Build | Farm |
| 26:28 | Research | Horse Collar |
| 26:34 | Create | Villager (Male) |
| 26:34 | Create | Villager (Male) |
| 26:39 | Build | Farm |
| 26:46 | Create | Villager (Male) |
| 26:46 | Create | Villager (Male) |
| 26:53 | Build | Monastery |
Build order — bryanrojasn
First 150 of 245 actions detected
| 0:04 | Build | House |
| 0:04 | Create | Villager (Male) |
| 0:05 | Create | Villager (Male) |
| 0:05 | Build | House |
| 0:06 | Create | Villager (Male) |
| 0:06 | Create | Villager (Male) |
| 1:38 | Create | Villager (Male) |
| 1:38 | Create | Villager (Male) |
| 2:08 | Create | Villager (Male) |
| 2:09 | Create | Villager (Male) |
| 2:12 | Build | Lumber Camp |
| 2:41 | Create | Villager (Male) |
| 2:41 | Create | Villager (Male) |
| 3:09 | Create | Villager (Male) |
| 3:33 | Create | Villager (Male) |
| 3:33 | Create | Villager (Male) |
| 3:48 | Research | Loom |
| 3:51 | Create | Villager (Male) |
| 4:21 | Build | House |
| 5:08 | Create | Villager (Male) |
| 5:08 | Create | Villager (Male) |
| 5:41 | Create | Villager (Male) |
| 5:45 | Build | House |
| 6:03 | Build | Mill |
| 6:24 | Create | Villager (Male) |
| 7:01 | Create | Villager (Male) |
| 7:01 | Create | Villager (Male) |
| 7:37 | Build | Palisade Wall |
| 7:40 | Create | Villager (Male) |
| 8:27 | Build | Palisade Wall |
| 8:29 | Build | Palisade Wall |
| 8:30 | Create | Villager (Male) |
| 8:30 | Create | Villager (Male) |
| 8:31 | Create | Villager (Male) |
| 8:34 | Build | House |
| 9:55 | Create | Villager (Male) |
| 10:17 | Build | Mining Camp |
| 10:30 | Build | Palisade Wall |
| 10:34 | Build | Palisade Wall |
| 10:40 | Build | Palisade Wall |
| 10:46 | Build | Palisade Wall |
| 10:49 | Build | Palisade Wall |
| 10:51 | Build | Palisade Wall |
| 10:52 | Build | Palisade Wall |
| 11:13 | Create | Villager (Male) |
| 11:14 | Create | Villager (Male) |
| 11:17 | Research | Feudal Age |
| 11:17 | Research | Feudal Age |
| 11:45 | Create | Villager (Male) |
| 11:57 | Build | House |
| 11:58 | Build | House |
| 12:37 | Build | Palisade Wall |
| 12:47 | Build | House |
| 13:27 | Age | Feudal Age |
| 13:34 | Build | Lumber Camp |
| 13:38 | Build | Market |
| 13:41 | Build | Blacksmith |
| 13:45 | Create | Villager (Male) |
| 13:55 | Build | Stone Wall |
| 13:59 | Build | Stone Wall |
| 14:16 | Create | Villager (Male) |
| 14:27 | Research | Castle Age |
| 14:28 | Research | Castle Age |
| 14:54 | Build | Farm |
| 14:55 | Build | Farm |
| 14:55 | Build | Farm |
| 14:55 | Build | Farm |
| 14:55 | Build | Farm |
| 15:17 | Research | Double-Bit Axe |
| 15:17 | Research | Double-Bit Axe |
| 15:19 | Create | Villager (Male) |
| 15:46 | Build | Outpost |
| 15:56 | Create | Villager (Male) |
| 16:33 | Build | House |
| 17:22 | Age | Castle Age |
| 17:23 | Build | Town Center |
| 17:57 | Build | Town Center |
| 18:28 | Research | Bow Saw |
| 18:28 | Research | Bow Saw |
| 18:29 | Create | Villager (Male) |
| 18:30 | Create | Villager (Male) |
| 18:53 | Create | Villager (Male) |
| 18:54 | Create | Villager (Male) |
| 19:01 | Build | Farm |
| 19:01 | Create | Villager (Male) |
| 19:02 | Create | Villager (Male) |
| 19:02 | Create | Villager (Male) |
| 19:07 | Build | Farm |
| 19:15 | Build | Farm |
| 19:18 | Create | Villager (Male) |
| 19:23 | Build | Farm |
| 19:27 | Build | Farm |
| 19:33 | Create | Villager (Male) |
| 19:33 | Create | Villager (Male) |
| 19:38 | Build | Farm |
| 19:46 | Build | Farm |
| 19:51 | Build | Farm |
| 19:54 | Build | Farm |
| 20:03 | Build | Farm |
| 20:03 | Create | Villager (Male) |
| 20:04 | Create | Villager (Male) |
| 20:10 | Build | Farm |
| 20:14 | Create | Villager (Male) |
| 20:14 | Create | Villager (Male) |
| 20:18 | Build | Farm |
| 20:26 | Create | Villager (Male) |
| 20:26 | Create | Villager (Male) |
| 20:29 | Build | Farm |
| 20:33 | Build | Farm |
| 20:37 | Create | Villager (Male) |
| 20:38 | Create | Villager (Male) |
| 20:41 | Build | Farm |
| 20:47 | Create | Villager (Male) |
| 20:47 | Create | Villager (Male) |
| 20:55 | Build | Farm |
| 20:57 | Create | Villager (Male) |
| 20:57 | Create | Villager (Male) |
| 21:01 | Build | Farm |
| 21:04 | Create | Villager (Male) |
| 21:05 | Create | Villager (Male) |
| 21:09 | Build | Farm |
| 21:11 | Build | Farm |
| 21:13 | Create | Villager (Male) |
| 21:13 | Create | Villager (Male) |
| 21:16 | Build | Farm |
| 21:21 | Create | Villager (Male) |
| 21:22 | Create | Villager (Male) |
| 21:26 | Build | Farm |
| 21:30 | Create | Villager (Male) |
| 21:30 | Create | Villager (Male) |
| 21:34 | Build | Farm |
| 21:38 | Build | Farm |
| 21:38 | Create | Villager (Male) |
| 21:39 | Create | Villager (Male) |
| 21:39 | Create | Villager (Male) |
| 21:44 | Build | Farm |
| 21:45 | Build | Farm |
| 21:46 | Create | Villager (Male) |
| 21:46 | Create | Villager (Male) |
| 21:47 | Create | Villager (Male) |
| 21:52 | Build | Farm |
| 21:53 | Create | Villager (Male) |
| 21:53 | Create | Villager (Male) |
| 21:59 | Build | Farm |
| 22:01 | Create | Villager (Male) |
| 22:01 | Create | Villager (Male) |
| 22:11 | Create | Villager (Male) |
| 22:12 | Create | Villager (Male) |
| 22:14 | Create | Villager (Male) |
| 22:14 | Create | Villager (Male) |
Build order — Ciccione
132 actions detected in the replay
| 0:02 | Create | Villager (Male) |
| 0:05 | Build | House |
| 0:07 | Build | House |
| 0:09 | Create | Villager (Male) ×4 |
| 1:02 | Research | Loom |
| 1:06 | Create | Villager (Male) |
| 1:07 | Create | Villager (Male) |
| 2:12 | Create | Villager (Male) |
| 2:42 | Create | Villager (Male) |
| 2:47 | Build | Lumber Camp |
| 3:08 | Create | Villager (Male) |
| 3:16 | Build | House |
| 3:28 | Build | Palisade Wall |
| 3:34 | Create | Villager (Male) |
| 3:50 | Create | Villager (Male) |
| 4:05 | Create | Villager (Male) |
| 4:31 | Create | Villager (Male) |
| 4:52 | Create | Villager (Male) |
| 5:15 | Create | Villager (Male) |
| 5:37 | Create | Villager (Male) |
| 5:48 | Build | House |
| 6:06 | Create | Villager (Male) |
| 6:37 | Build | Mill |
| 6:44 | Create | Villager (Male) |
| 7:00 | Create | Villager (Male) |
| 7:08 | Build | House |
| 7:09 | Build | House |
| 7:55 | Create | Villager (Male) |
| 8:01 | Build | Mill |
| 8:04 | Build | House |
| 8:06 | Build | House |
| 8:07 | Build | House |
| 8:08 | Build | House |
| 9:32 | Research | Feudal Age |
| 9:52 | Build | Mill |
| 10:02 | Build | Outpost |
| 10:06 | Build | Mining Camp |
| 11:29 | Create | Villager (Male) |
| 11:30 | Create | Villager (Male) |
| 11:30 | Create | Villager (Male) |
| 11:36 | Age | Feudal Age |
| 11:39 | Research | Double-Bit Axe |
| 11:46 | Build | Mining Camp |
| 12:29 | Build | Stone Wall |
| 12:40 | Create | Villager (Male) |
| 12:55 | Build | Barracks |
| 12:59 | Create | Villager (Male) |
| 13:29 | Build | Stone Wall |
| 13:51 | Build | Stone Wall |
| 13:54 | Create | Villager (Male) |
| 13:54 | Create | Villager (Male) |
| 14:10 | Research | Horse Collar |
| 14:14 | Build | Stable |
| 14:24 | Create | Villager (Male) |
| 14:42 | Create | Villager (Male) |
| 14:49 | Research | Bloodlines |
| 15:04 | Build | Lumber Camp |
| 15:08 | Create | Villager (Male) |
| 15:29 | Build | Farm |
| 15:29 | Create | Villager (Male) |
| 15:55 | Build | Stone Wall |
| 15:59 | Build | Farm |
| 15:59 | Create | Villager (Male) |
| 16:15 | Build | Farm |
| 16:17 | Create | Villager (Male) |
| 16:22 | Build | Market |
| 16:36 | Create | Villager (Male) |
| 16:40 | Build | Farm |
| 16:57 | Build | Blacksmith |
| 17:02 | Build | Farm |
| 17:04 | Create | Villager (Male) |
| 17:26 | Build | Farm |
| 17:45 | Build | Farm |
| 17:46 | Create | Villager (Male) |
| 17:48 | Create | Villager (Male) |
| 17:53 | Build | Watch Tower |
| 17:58 | Build | House |
| 17:59 | Build | House |
| 18:00 | Build | House |
| 18:01 | Build | House |
| 18:18 | Build | Farm |
| 18:19 | Create | Villager (Male) |
| 18:38 | Build | Farm |
| 18:40 | Create | Villager (Male) |
| 19:02 | Build | Farm |
| 19:04 | Create | Villager (Male) |
| 19:19 | Create | Villager (Male) |
| 19:24 | Build | Farm |
| 19:27 | Build | House |
| 19:52 | Build | Farm |
| 19:53 | Create | Villager (Male) |
| 20:20 | Build | Farm |
| 20:30 | Research | Castle Age |
| 20:39 | Build | Farm |
| 21:00 | Build | Stable |
| 21:35 | Research | Scale Barding Armor |
| 21:41 | Build | Stable |
| 21:50 | Build | Farm |
| 21:52 | Build | Farm |
| 21:53 | Build | Farm |
| 22:25 | Research | Gold Mining |
| 22:41 | Build | Farm |
| 22:42 | Build | Farm |
| 22:55 | Age | Castle Age |
| 22:58 | Research | Husbandry |
| 23:00 | Create | Camel Scout ×4 |
| 23:11 | Create | Villager (Male) |
| 23:23 | Build | Town Center |
| 23:26 | Create | Camel Scout |
| 23:45 | Create | Knight ×3 |
| 23:48 | Build | Farm |
| 23:50 | Create | Villager (Male) |
| 24:12 | Create | Villager (Male) |
| 24:17 | Create | Knight |
| 24:23 | Build | Farm |
| 24:26 | Create | Villager (Male) |
| 24:33 | Create | Villager (Male) |
| 24:39 | Create | Knight |
| 24:43 | Research | Heavy Plow |
| 24:48 | Build | Mining Camp |
| 24:52 | Create | Villager (Male) |
| 24:53 | Create | Villager (Male) |
| 25:27 | Create | Knight |
| 25:47 | Create | Knight ×2 |
| 26:05 | Create | Knight ×3 |
| 26:12 | Build | Monastery |
| 26:19 | Create | Knight |
| 26:32 | Create | Knight |
| 26:38 | Create | Scout Cavalry |
| 26:45 | Create | Knight |
| 26:59 | Create | Monk |
| 27:09 | Create | Knight ×3 |
Build order — lumpuy1
102 actions detected in the replay
| 0:06 | Build | House |
| 0:07 | Build | House |
| 0:11 | Create | Villager (Male) ×4 |
| 0:11 | Create | Villager (Male) ×4 |
| 0:12 | Research | Loom |
| 0:17 | Create | Villager (Male) ×3 |
| 0:18 | Create | Villager (Male) ×3 |
| 0:44 | Build | Palisade Wall |
| 2:35 | Create | Villager (Male) |
| 2:35 | Create | Villager (Male) |
| 3:17 | Build | House |
| 3:22 | Build | House |
| 3:28 | Create | Villager (Male) |
| 3:28 | Create | Villager (Male) |
| 4:11 | Create | Villager (Male) ×2 |
| 4:11 | Create | Villager (Male) ×2 |
| 6:19 | Create | Villager (Male) ×5 |
| 6:19 | Create | Villager (Male) ×5 |
| 6:19 | Create | Villager (Male) ×4 |
| 7:44 | Create | Villager (Male) ×3 |
| 9:00 | Build | Lumber Camp |
| 10:04 | Build | Mill |
| 11:01 | Build | Mining Camp |
| 11:08 | Research | Feudal Age |
| 11:08 | Research | Feudal Age |
| 11:18 | Build | Palisade Wall |
| 13:29 | Age | Feudal Age |
| 13:33 | Build | Watch Tower |
| 13:44 | Create | Villager (Male) |
| 13:46 | Create | Villager (Male) |
| 13:46 | Create | Villager (Male) |
| 13:47 | Create | Villager (Male) |
| 13:52 | Build | House |
| 14:18 | Create | Villager (Male) |
| 14:18 | Create | Villager (Male) |
| 14:25 | Build | Mining Camp |
| 15:01 | Build | Stone Wall |
| 15:19 | Build | Market |
| 15:22 | Build | House |
| 15:29 | Research | Wheelbarrow |
| 16:06 | Build | Blacksmith |
| 16:15 | Build | Farm |
| 16:15 | Build | Farm |
| 16:15 | Build | Farm |
| 16:16 | Build | Farm |
| 16:16 | Build | Farm |
| 16:16 | Build | Farm |
| 16:34 | Create | Villager (Male) |
| 16:35 | Create | Villager (Male) |
| 16:35 | Create | Villager (Male) |
| 17:18 | Build | Farm |
| 17:19 | Build | Farm |
| 17:19 | Build | Farm |
| 17:19 | Build | Farm |
| 17:20 | Build | Farm |
| 17:20 | Build | Farm |
| 17:20 | Build | Farm |
| 17:57 | Build | Farm |
| 17:57 | Build | Farm |
| 17:57 | Build | Farm |
| 17:58 | Build | Farm |
| 18:03 | Create | Villager (Male) |
| 18:03 | Create | Villager (Male) |
| 18:04 | Create | Villager (Male) |
| 18:45 | Build | Farm |
| 18:45 | Build | Farm |
| 18:46 | Build | Farm |
| 19:19 | Research | Castle Age |
| 19:19 | Research | Castle Age |
| 19:41 | Research | Horse Collar |
| 19:57 | Research | Double-Bit Axe |
| 20:34 | Research | Stone Mining |
| 20:52 | Research | Gold Mining |
| 20:53 | Research | Gold Mining |
| 21:59 | Age | Castle Age |
| 22:04 | Build | Town Center |
| 22:24 | Research | Hand Cart |
| 22:25 | Create | Villager (Male) |
| 22:49 | Build | Castle |
| 23:14 | Create | Villager (Male) |
| 23:14 | Create | Villager (Male) |
| 23:14 | Create | Villager (Male) |
| 23:34 | Build | Farm |
| 23:34 | Build | Farm |
| 23:34 | Build | Farm |
| 23:35 | Build | Farm |
| 24:27 | Build | Farm |
| 24:27 | Build | Farm |
| 24:28 | Build | Farm |
| 25:03 | Build | Stone Wall |
| 25:08 | Build | Gate |
| 25:20 | Create | Villager (Male) |
| 25:20 | Create | Villager (Male) |
| 25:20 | Create | Villager (Male) |
| 25:24 | Create | Villager (Male) |
| 25:24 | Create | Villager (Male) |
| 26:37 | Research | Imperial Age |
| 26:38 | Research | Imperial Age |
| 26:57 | Create | Villager (Male) |
| 26:58 | Create | Villager (Male) |
| 26:58 | Create | Villager (Male) |
| 26:58 | Create | Villager (Male) |
Build order — Spears
122 actions detected in the replay
| 0:05 | Build | House |
| 0:10 | Build | House |
| 0:13 | Create | Villager (Male) ×4 |
| 1:00 | Build | Lumber Camp |
| 1:26 | Research | Loom |
| 1:47 | Create | Villager (Male) |
| 1:48 | Create | Villager (Male) |
| 2:49 | Create | Villager (Male) ×2 |
| 2:59 | Build | House |
| 3:33 | Create | Villager (Male) |
| 3:37 | Create | Villager (Male) |
| 4:31 | Create | Villager (Male) |
| 4:31 | Create | Villager (Male) |
| 4:31 | Create | Villager (Male) |
| 4:46 | Build | House |
| 5:01 | Create | Villager (Male) |
| 5:02 | Create | Villager (Male) |
| 6:08 | Create | Villager (Male) |
| 6:09 | Create | Villager (Male) |
| 6:09 | Create | Villager (Male) |
| 6:28 | Build | Mill |
| 7:14 | Create | Villager (Male) |
| 7:14 | Create | Villager (Male) |
| 8:06 | Research | Feudal Age |
| 8:28 | Build | Barracks |
| 8:56 | Create | Villager (Male) |
| 9:13 | Create | Villager (Male) |
| 9:31 | Age | Feudal Age |
| 9:38 | Research | Double-Bit Axe |
| 9:44 | Research | Horse Collar |
| 9:48 | Create | Villager (Male) |
| 9:56 | Build | House |
| 10:24 | Create | Villager (Male) |
| 11:03 | Create | Militia |
| 11:04 | Create | Militia |
| 11:10 | Build | House |
| 11:15 | Create | Villager (Male) |
| 11:15 | Create | Villager (Male) |
| 11:22 | Build | Mill |
| 11:39 | Build | Mining Camp |
| 11:45 | Create | Villager (Male) |
| 11:45 | Create | Villager (Male) |
| 12:23 | Build | Stone Wall |
| 12:27 | Build | Gate |
| 12:42 | Create | Villager (Male) ×4 |
| 12:48 | Research | Gold Mining |
| 12:53 | Build | Farm |
| 12:58 | Build | Lumber Camp |
| 13:05 | Build | Farm |
| 13:11 | Create | Villager (Male) |
| 13:23 | Create | Militia |
| 13:48 | Build | Farm |
| 13:57 | Build | House |
| 14:06 | Build | Farm |
| 14:09 | Build | Farm |
| 14:21 | Research | Man-at-Arms (upgrade) |
| 14:35 | Build | House |
| 14:39 | Build | Farm |
| 14:44 | Build | Farm |
| 14:46 | Create | Villager (Male) |
| 14:47 | Create | Villager (Male) |
| 15:23 | Build | Blacksmith |
| 15:30 | Research | Arson |
| 15:36 | Create | Villager (Male) |
| 15:36 | Create | Villager (Male) |
| 15:41 | Build | Farm |
| 15:41 | Build | Farm |
| 15:46 | Create | Villager (Male) |
| 15:51 | Build | Farm |
| 15:58 | Build | Farm |
| 16:04 | Build | Farm |
| 16:06 | Create | Villager (Male) |
| 16:19 | Build | House |
| 16:57 | Research | Forging |
| 17:09 | Build | Market |
| 17:22 | Build | Farm |
| 17:30 | Build | Farm |
| 17:36 | Build | Farm |
| 17:41 | Build | Farm |
| 17:44 | Research | Wheelbarrow |
| 17:45 | Create | Villager (Male) |
| 17:45 | Create | Villager (Male) |
| 17:46 | Create | Villager (Male) |
| 18:02 | Build | Mining Camp |
| 18:27 | Build | House |
| 19:17 | Research | Castle Age |
| 19:22 | Research | Stone Mining |
| 19:27 | Create | Militia |
| 19:30 | Create | Militia |
| 19:33 | Create | Spearman |
| 19:57 | Build | Stable |
| 20:00 | Create | Militia |
| 20:18 | Create | Villager (Male) |
| 20:18 | Create | Villager (Male) |
| 21:00 | Age | Castle Age |
| 21:58 | Research | Iron Casting |
| 21:59 | Research | Squires |
| 22:02 | Create | Battle Elephant ×4 |
| 22:45 | Research | Husbandry |
| 22:53 | Build | Town Center |
| 22:58 | Create | Villager (Male) ×5 |
| 23:09 | Build | Town Center |
| 23:37 | Research | Pikeman (upgrade) |
| 23:40 | Create | Battle Elephant |
| 23:56 | Create | Villager (Male) |
| 24:06 | Build | Farm |
| 24:58 | Research | Scale Barding Armor |
| 25:02 | Create | Battle Elephant |
| 25:02 | Create | Battle Elephant |
| 25:02 | Create | Battle Elephant |
| 25:31 | Create | Battle Elephant |
| 25:53 | Create | Villager (Male) ×5 |
| 26:07 | Build | Town Center |
| 26:19 | Create | Villager (Male) ×2 |
| 26:48 | Create | Battle Elephant |
| 26:48 | Create | Battle Elephant |
| 27:03 | Create | Villager (Male) ×3 |
| 27:24 | Build | Stable |
| 28:30 | Create | Battle Elephant ×5 |
| 28:43 | Build | Farm |
| 28:48 | Build | Farm |
| 28:49 | Build | Farm |
Build order — redcosmosan
First 150 of 211 actions detected
| 0:02 | Create | Villager (Male) |
| 0:02 | Create | Villager (Male) |
| 0:02 | Create | Villager (Male) |
| 0:04 | Build | House |
| 0:06 | Build | House |
| 0:34 | Create | Villager (Male) |
| 0:35 | Create | Villager (Male) |
| 1:46 | Create | Villager (Male) |
| 1:46 | Create | Villager (Male) |
| 2:02 | Create | Villager (Male) |
| 2:02 | Create | Villager (Male) |
| 2:16 | Build | Lumber Camp |
| 2:31 | Create | Villager (Male) |
| 2:58 | Create | Villager (Male) |
| 2:58 | Create | Villager (Male) |
| 3:00 | Create | Villager (Male) |
| 3:31 | Create | Villager (Male) |
| 3:31 | Create | Villager (Male) |
| 3:57 | Create | Villager (Male) |
| 4:33 | Build | House |
| 4:45 | Create | Villager (Male) |
| 4:45 | Create | Villager (Male) |
| 4:46 | Create | Villager (Male) |
| 4:59 | Build | Mill |
| 5:27 | Create | Villager (Male) |
| 5:37 | Build | House |
| 6:09 | Create | Villager (Male) |
| 6:37 | Build | Mill |
| 6:52 | Create | Villager (Male) |
| 6:52 | Create | Villager (Male) |
| 7:35 | Create | Villager (Male) |
| 7:35 | Create | Villager (Male) |
| 8:22 | Research | Feudal Age |
| 8:49 | Build | Mining Camp |
| 9:09 | Build | House |
| 10:10 | Create | Villager (Male) |
| 10:10 | Create | Villager (Male) |
| 10:31 | Build | Farm |
| 10:38 | Build | Farm |
| 10:42 | Age | Feudal Age |
| 10:44 | Create | Villager (Male) |
| 10:54 | Research | Double-Bit Axe |
| 11:22 | Build | Blacksmith |
| 12:34 | Build | Farm |
| 12:45 | Build | Market |
| 12:48 | Create | Villager (Male) |
| 12:53 | Build | Farm |
| 12:57 | Build | Farm |
| 13:28 | Research | Castle Age |
| 13:35 | Research | Horse Collar |
| 13:47 | Build | Farm |
| 13:51 | Build | Farm |
| 14:02 | Build | House |
| 14:03 | Build | House |
| 14:37 | Build | Mill |
| 14:58 | Research | Gold Mining |
| 16:08 | Create | Villager (Male) |
| 16:08 | Age | Castle Age |
| 16:08 | Create | Villager (Male) |
| 16:19 | Build | Town Center |
| 16:26 | Research | Bow Saw |
| 16:29 | Create | Villager (Male) |
| 16:29 | Create | Villager (Male) |
| 16:41 | Build | Farm |
| 16:58 | Build | Barracks |
| 17:00 | Create | Villager (Male) |
| 17:08 | Research | Loom |
| 17:10 | Create | Villager (Male) |
| 17:18 | Research | Heavy Plow |
| 17:21 | Create | Villager (Male) |
| 17:21 | Create | Villager (Male) |
| 18:10 | Create | Villager (Male) |
| 18:11 | Create | Villager (Male) |
| 18:14 | Create | Villager (Male) |
| 18:21 | Build | Town Center |
| 18:35 | Build | Monastery |
| 18:42 | Create | Villager (Male) |
| 18:43 | Create | Villager (Male) |
| 18:43 | Create | Villager (Male) |
| 18:43 | Create | Villager (Male) |
| 18:49 | Build | Farm |
| 18:56 | Create | Villager (Male) |
| 19:01 | Build | House |
| 19:28 | Build | Stable |
| 19:38 | Create | Monk |
| 19:52 | Create | Villager (Male) |
| 19:52 | Create | Villager (Male) |
| 19:54 | Build | Farm |
| 20:03 | Build | Stable |
| 20:07 | Build | House |
| 20:07 | Build | House |
| 20:07 | Build | House |
| 20:08 | Build | House |
| 20:08 | Build | House |
| 20:13 | Create | Villager (Male) |
| 20:13 | Create | Villager (Male) |
| 20:13 | Create | Villager (Male) |
| 20:17 | Build | Farm |
| 20:34 | Create | Unit 1944 |
| 20:34 | Create | Unit 1944 |
| 20:41 | Build | Stable |
| 20:44 | Research | Bloodlines |
| 20:50 | Build | Farm |
| 20:54 | Build | Farm |
| 20:58 | Build | Farm |
| 21:01 | Build | Farm |
| 21:10 | Research | Husbandry |
| 21:13 | Research | Scale Barding Armor |
| 21:24 | Create | Villager (Male) |
| 21:24 | Create | Villager (Male) |
| 21:24 | Create | Villager (Male) |
| 21:33 | Build | Farm |
| 21:35 | Build | Farm |
| 21:38 | Build | Farm |
| 21:47 | Create | Villager (Male) |
| 21:47 | Create | Villager (Male) |
| 21:51 | Build | Farm |
| 21:52 | Build | Farm |
| 21:59 | Build | Farm |
| 22:04 | Build | Farm |
| 22:05 | Create | Villager (Male) |
| 22:05 | Create | Villager (Male) |
| 22:06 | Create | Villager (Male) |
| 22:17 | Build | Farm |
| 22:19 | Build | Farm |
| 22:22 | Build | Farm |
| 22:24 | Build | Farm |
| 22:27 | Build | Farm |
| 22:30 | Build | Farm |
| 22:31 | Create | Villager (Male) |
| 22:31 | Create | Villager (Male) |
| 22:32 | Create | Villager (Male) |
| 22:36 | Create | Unit 1944 |
| 22:36 | Create | Unit 1944 |
| 22:41 | Build | Farm |
| 22:43 | Create | Villager (Male) |
| 22:51 | Build | Farm |
| 22:52 | Build | Farm |
| 23:04 | Create | Unit 1944 |
| 23:04 | Create | Unit 1944 |
| 23:04 | Create | Unit 1944 |
| 23:13 | Create | Villager (Male) |
| 23:14 | Create | Villager (Male) |
| 23:14 | Create | Villager (Male) |
| 23:14 | Create | Villager (Male) |
| 23:22 | Build | Farm |
| 23:22 | Build | Farm |
| 23:22 | Build | Farm |
| 23:52 | Create | Unit 1944 ×3 |
| 23:52 | Create | Unit 1944 ×3 |
Build order — balas351
First 150 of 155 actions detected
| 0:02 | Create | Villager (Male) |
| 0:02 | Create | Villager (Male) |
| 0:03 | Build | House |
| 0:05 | Build | House |
| 0:28 | Create | Villager (Male) |
| 0:29 | Create | Villager (Male) |
| 1:45 | Create | Villager (Male) |
| 1:45 | Create | Villager (Male) |
| 2:16 | Build | Lumber Camp |
| 2:18 | Create | Villager (Male) |
| 2:18 | Create | Villager (Male) |
| 2:18 | Create | Villager (Male) |
| 2:53 | Create | Villager (Male) |
| 2:53 | Create | Villager (Male) |
| 3:09 | Create | Villager (Male) |
| 3:09 | Create | Villager (Male) |
| 3:37 | Build | House |
| 3:40 | Create | Villager (Male) |
| 3:40 | Create | Villager (Male) |
| 3:51 | Create | Villager (Male) |
| 3:52 | Create | Villager (Male) |
| 4:23 | Create | Villager (Male) |
| 4:24 | Create | Villager (Male) |
| 4:59 | Create | Villager (Male) |
| 5:00 | Create | Villager (Male) |
| 5:16 | Build | House |
| 5:47 | Build | Mill |
| 5:59 | Create | Villager (Male) |
| 5:59 | Create | Villager (Male) |
| 5:59 | Create | Villager (Male) |
| 5:59 | Create | Villager (Male) |
| 6:09 | Build | House |
| 6:32 | Build | Palisade Wall |
| 6:36 | Build | Palisade Wall |
| 6:38 | Build | Palisade Wall |
| 6:44 | Build | Palisade Wall |
| 6:46 | Build | Palisade Wall |
| 6:47 | Build | Palisade Wall |
| 6:48 | Build | Palisade Wall |
| 6:50 | Build | Palisade Wall |
| 6:51 | Build | Palisade Wall |
| 6:55 | Create | Villager (Male) |
| 6:56 | Create | Villager (Male) |
| 6:56 | Create | Villager (Male) |
| 6:56 | Create | Villager (Male) |
| 7:23 | Build | Palisade Wall |
| 7:26 | Build | Palisade Wall |
| 7:27 | Build | Palisade Wall |
| 7:29 | Build | Palisade Wall |
| 7:36 | Build | Palisade Wall |
| 7:43 | Create | Villager (Male) |
| 9:04 | Create | Villager (Male) |
| 9:37 | Research | Feudal Age |
| 10:07 | Build | Mining Camp |
| 10:40 | Build | House |
| 11:21 | Build | House |
| 11:49 | Create | Villager (Male) |
| 11:54 | Age | Feudal Age |
| 11:56 | Build | Blacksmith |
| 12:01 | Build | Market |
| 12:41 | Research | Double-Bit Axe |
| 12:47 | Research | Castle Age |
| 12:47 | Research | Castle Age |
| 12:47 | Research | Castle Age |
| 12:57 | Build | Mining Camp |
| 13:18 | Research | Stone Mining |
| 14:32 | Build | Barracks |
| 15:27 | Age | Castle Age |
| 15:27 | Research | Loom |
| 15:35 | Create | Villager (Male) |
| 15:54 | Create | Villager (Male) |
| 16:18 | Build | Castle |
| 16:33 | Research | Arson |
| 16:41 | Build | Siege Workshop |
| 17:09 | Create | Villager (Male) |
| 17:10 | Create | Villager (Male) |
| 17:30 | Create | Battering Ram |
| 17:31 | Create | Battering Ram |
| 17:34 | Create | Unit 1920 |
| 17:58 | Create | Villager (Male) |
| 17:58 | Create | Villager (Male) |
| 18:07 | Build | Pasture |
| 18:16 | Create | Unit 1920 |
| 18:21 | Create | Villager (Male) |
| 18:27 | Build | Pasture |
| 18:58 | Create | Scorpion |
| 19:32 | Create | Unit 1920 |
| 19:32 | Create | Unit 1920 |
| 19:32 | Create | Unit 1920 |
| 19:48 | Create | Unit 1920 |
| 19:49 | Create | Unit 1920 |
| 19:52 | Build | Pasture |
| 19:53 | Build | Pasture |
| 19:53 | Build | Pasture |
| 19:53 | Build | Pasture |
| 19:53 | Build | Pasture |
| 19:54 | Build | Pasture |
| 19:54 | Build | Pasture |
| 20:11 | Create | Unit 1920 |
| 20:45 | Create | Unit 1920 |
| 21:25 | Create | Unit 1920 |
| 21:28 | Create | Battering Ram |
| 21:28 | Create | Battering Ram |
| 21:30 | Create | Villager (Male) |
| 21:30 | Create | Villager (Male) |
| 21:55 | Create | Unit 1920 |
| 21:56 | Create | Villager (Male) |
| 21:56 | Create | Villager (Male) |
| 22:01 | Build | Pasture |
| 22:06 | Create | Unit 1920 |
| 22:28 | Create | Battering Ram |
| 22:28 | Create | Battering Ram |
| 22:43 | Create | Unit 1920 |
| 22:43 | Create | Unit 1920 |
| 23:00 | Research | Scale Mail Armor |
| 23:17 | Create | Unit 1920 |
| 23:17 | Create | Unit 1920 |
| 23:28 | Create | Fire Lancer |
| 23:29 | Create | Fire Lancer |
| 23:46 | Research | Gold Mining |
| 24:10 | Research | Squires |
| 24:11 | Create | Fire Lancer |
| 24:11 | Create | Fire Lancer |
| 24:11 | Create | Fire Lancer |
| 24:12 | Create | Fire Lancer |
| 24:12 | Create | Fire Lancer |
| 24:17 | Create | Villager (Male) |
| 24:18 | Create | Villager (Male) |
| 24:42 | Create | Fire Lancer |
| 24:42 | Create | Fire Lancer |
| 25:12 | Create | Fire Lancer |
| 25:12 | Create | Fire Lancer |
| 25:13 | Create | Fire Lancer |
| 25:38 | Create | Fire Lancer |
| 25:40 | Research | Forging |
| 25:44 | Research | Tech 1014 |
| 25:46 | Research | Bow Saw |
| 25:49 | Build | Lumber Camp |
| 25:52 | Create | Villager (Male) |
| 25:52 | Create | Villager (Male) |
| 26:25 | Create | Fire Lancer |
| 26:25 | Create | Fire Lancer |
| 26:36 | Create | Unit 1920 |
| 26:36 | Create | Unit 1920 |
| 26:47 | Create | Villager (Male) |
| 26:47 | Create | Villager (Male) |
| 27:13 | Create | Battering Ram |
| 27:16 | Create | Villager (Male) |
| 27:22 | Build | Mining Camp |
| 28:27 | Create | Fire Lancer |
Build order — ionut_s
127 actions detected in the replay
| 0:03 | Create | Villager (Male) ×4 |
| 0:04 | Create | Villager (Male) ×4 |
| 0:04 | Research | Loom |
| 0:04 | Research | Loom |
| 0:08 | Build | House |
| 0:16 | Build | House |
| 0:16 | Build | House |
| 0:16 | Build | House |
| 0:17 | Build | House |
| 0:17 | Build | House |
| 2:15 | Create | Villager (Male) |
| 2:15 | Create | Villager (Male) |
| 2:36 | Create | Villager (Male) |
| 2:36 | Create | Villager (Male) |
| 2:55 | Create | Villager (Male) |
| 2:56 | Create | Villager (Male) |
| 3:14 | Build | Palisade Wall |
| 3:23 | Create | Villager (Male) |
| 3:23 | Create | Villager (Male) |
| 3:23 | Create | Villager (Male) |
| 3:44 | Build | Palisade Wall |
| 3:45 | Build | Palisade Wall |
| 3:48 | Build | Palisade Wall |
| 3:57 | Create | Villager (Male) |
| 3:58 | Create | Villager (Male) |
| 4:19 | Create | Villager (Male) |
| 4:19 | Create | Villager (Male) |
| 4:19 | Create | Villager (Male) |
| 4:49 | Create | Villager (Male) |
| 4:49 | Create | Villager (Male) |
| 4:56 | Build | Lumber Camp |
| 5:08 | Create | Villager (Male) |
| 5:08 | Create | Villager (Male) |
| 5:51 | Create | Villager (Male) |
| 5:51 | Create | Villager (Male) |
| 6:18 | Create | Villager (Male) |
| 6:18 | Create | Villager (Male) |
| 6:18 | Create | Villager (Male) |
| 7:08 | Create | Villager (Male) |
| 7:08 | Create | Villager (Male) |
| 7:15 | Build | Mill |
| 7:32 | Create | Villager (Male) |
| 7:33 | Create | Villager (Male) |
| 7:51 | Build | Mill |
| 8:27 | Build | House |
| 8:34 | Build | House |
| 8:35 | Build | House |
| 8:39 | Build | House |
| 8:45 | Create | Villager (Male) |
| 9:13 | Create | Villager (Male) |
| 9:21 | Build | Mill |
| 9:39 | Create | Villager (Male) |
| 10:02 | Create | Villager (Male) |
| 10:21 | Build | House |
| 10:35 | Create | Villager (Male) |
| 10:45 | Create | Villager (Male) |
| 10:56 | Build | House |
| 10:57 | Build | House |
| 11:09 | Build | House |
| 11:18 | Create | Villager (Male) |
| 11:38 | Research | Feudal Age |
| 11:39 | Research | Feudal Age |
| 12:16 | Create | Villager (Male) |
| 12:18 | Create | Villager (Male) |
| 12:38 | Build | Barracks |
| 13:43 | Build | Farm |
| 13:47 | Build | Farm |
| 13:49 | Build | Farm |
| 13:52 | Build | Farm |
| 13:54 | Build | Farm |
| 13:56 | Build | Farm |
| 14:00 | Age | Feudal Age |
| 14:05 | Research | Horse Collar |
| 14:08 | Research | Double-Bit Axe |
| 14:08 | Research | Double-Bit Axe |
| 14:27 | Build | Mining Camp |
| 14:31 | Create | Villager (Male) |
| 14:56 | Build | Market |
| 15:06 | Build | Blacksmith |
| 15:10 | Create | Villager (Male) |
| 15:44 | Create | Villager (Male) |
| 16:00 | Build | Stone Wall |
| 16:10 | Build | Gate |
| 16:15 | Create | Villager (Male) |
| 16:41 | Build | Farm |
| 16:42 | Build | Farm |
| 16:43 | Build | Farm |
| 16:51 | Build | Farm |
| 16:53 | Create | Villager (Male) |
| 17:04 | Build | Farm |
| 17:05 | Build | Farm |
| 17:07 | Research | Castle Age |
| 17:16 | Research | Gold Mining |
| 17:35 | Create | Villager (Male) |
| 17:45 | Build | Barracks |
| 17:47 | Research | Scale Mail Armor |
| 17:47 | Research | Forging |
| 18:14 | Build | Stone Wall |
| 18:22 | Build | Stone Wall |
| 18:30 | Build | Farm |
| 18:31 | Build | Farm |
| 18:33 | Build | Farm |
| 18:35 | Build | Farm |
| 18:44 | Research | Forging |
| 18:51 | Research | Man-at-Arms (upgrade) |
| 18:51 | Create | Militia |
| 18:52 | Create | Militia |
| 19:06 | Create | Militia |
| 19:06 | Create | Militia |
| 19:15 | Create | Militia |
| 19:16 | Create | Militia |
| 19:57 | Build | Archery Range |
| 19:58 | Age | Castle Age |
| 20:20 | Build | Lumber Camp |
| 20:36 | Research | Crossbowman (upgrade) |
| 20:37 | Create | Archer |
| 20:37 | Create | Archer |
| 23:16 | Build | Lumber Camp |
| 24:26 | Research | Bow Saw |
| 25:50 | Build | Town Center |
| 26:54 | Create | Villager (Male) |
| 26:55 | Create | Villager (Male) |
| 26:55 | Create | Villager (Male) |
| 26:55 | Create | Villager (Male) |
| 27:14 | Build | Mining Camp |
| 27:21 | Create | Villager (Male) |
| 27:22 | Create | Villager (Male) |
Match timeline
| 0:44 | lumpuy1 · wall_segment Palisade Wall x14 |
| 1:58 | badcipri · wall_segment Palisade Wall x11 |
| 3:14 | ionut_s · wall_segment Palisade Wall x10 |
| 3:28 | Ciccione · wall_segment Palisade Wall x16 |
| 3:44 | ionut_s · wall_segment Palisade Wall x3 |
| 3:45 | ionut_s · wall_segment Palisade Wall x1 |
| 3:48 | ionut_s · wall_segment Palisade Wall x2 |
| 5:33 | badcipri · wall_segment Palisade Wall x9 |
| 6:32 | balas351 · wall_segment Palisade Wall x3 |
| 6:36 | balas351 · wall_segment Palisade Wall x2 |
| 6:38 | balas351 · wall_segment Palisade Wall x1 |
| 6:44 | balas351 · wall_segment Palisade Wall x1 |
| 6:46 | balas351 · wall_segment Palisade Wall x1 |
| 6:47 | balas351 · wall_segment Palisade Wall x1 |
| 6:48 | balas351 · wall_segment Palisade Wall x1 |
| 6:50 | balas351 · wall_segment Palisade Wall x1 |
| 6:51 | balas351 · wall_segment Palisade Wall x1 |
| 7:23 | balas351 · wall_segment Palisade Wall x1 |
| 7:26 | balas351 · wall_segment Palisade Wall x1 |
| 7:27 | balas351 · wall_segment Palisade Wall x1 |
| 7:29 | balas351 · wall_segment Palisade Wall x1 |
| 7:36 | balas351 · wall_segment Palisade Wall x1 |
| 7:37 | bryanrojasn · wall_segment Palisade Wall x10 |
| 8:27 | bryanrojasn · wall_segment Palisade Wall x4 |
| 8:28 | Spears · first_building Barracks |
| 8:29 | bryanrojasn · wall_segment Palisade Wall x8 |
| 9:31 | Spears · age_up feudal |
| 10:30 | bryanrojasn · wall_segment Palisade Wall x1 |
| 10:34 | bryanrojasn · wall_segment Palisade Wall x1 |
| 10:40 | bryanrojasn · wall_segment Palisade Wall x2 |
| 10:42 | redcosmosan · age_up feudal |
| 10:46 | bryanrojasn · wall_segment Palisade Wall x1 |
| 10:49 | bryanrojasn · wall_segment Palisade Wall x1 |
| 10:51 | bryanrojasn · wall_segment Palisade Wall x1 |
| 10:52 | bryanrojasn · wall_segment Palisade Wall x1 |
| 11:05 | badcipri · wall_segment Palisade Wall x1 |
| 11:06 | badcipri · wall_segment Palisade Wall x1 |
| 11:15 | badcipri · wall_segment Palisade Wall x1 |
| 11:17 | badcipri · wall_segment Palisade Wall x1 |
| 11:18 | lumpuy1 · wall_segment Palisade Wall x14 |
| 11:19 | badcipri · wall_segment Palisade Wall x1 |
| 11:36 | Ciccione · age_up feudal |
| 11:54 | balas351 · age_up feudal |
| 12:23 | Spears · wall_segment Stone Wall x11 |
| 12:29 | Ciccione · wall_segment Stone Wall x17 |
| 12:37 | bryanrojasn · wall_segment Palisade Wall x1 |
| 12:38 | ionut_s · first_building Barracks |
| 12:55 | Ciccione · first_building Barracks |
| 13:27 | bryanrojasn · age_up feudal |
| 13:29 | Ciccione · wall_segment Stone Wall x16 |
| 13:29 | lumpuy1 · age_up feudal |
| 13:35 | badcipri · age_up feudal |
| 13:51 | Ciccione · wall_segment Stone Wall x17 |
| 13:55 | bryanrojasn · wall_segment Stone Wall x4 |
| 13:59 | bryanrojasn · wall_segment Stone Wall x7 |
| 14:00 | ionut_s · age_up feudal |
| 14:14 | Ciccione · first_building Stable |
| 14:32 | balas351 · first_building Barracks |
| 15:01 | lumpuy1 · wall_segment Stone Wall x15 |
| 15:27 | balas351 · age_up castle |
| 15:55 | Ciccione · wall_segment Stone Wall x18 |
| 16:00 | ionut_s · wall_segment Stone Wall x1 |
| 16:08 | redcosmosan · age_up castle |
| 16:18 | balas351 · first_building Castle |
| 16:41 | balas351 · first_building Siege Workshop |
| 16:58 | redcosmosan · first_building Barracks |
| 17:22 | bryanrojasn · age_up castle |
| 17:39 | Ciccione · first_market_buy 100 stone |
| 17:53 | bryanrojasn · first_market_buy 100 stone |
| 18:14 | ionut_s · wall_segment Stone Wall x3 |
| 18:22 | ionut_s · wall_segment Stone Wall x3 |
| 18:35 | redcosmosan · first_building Monastery |
| 19:07 | lumpuy1 · first_market_buy 100 food |
| 19:07 | Spears · first_market_buy 100 food |
| 19:11 | Spears · first_market_sell 100 wood |
| 19:28 | redcosmosan · first_building Stable |
| 19:40 | Ciccione · first_market_sell 500 wood |
| 19:57 | Spears · first_building Stable |
| 19:57 | ionut_s · first_building Archery Range |
| 19:58 | ionut_s · age_up castle |
| 21:00 | Spears · age_up castle |
| 21:43 | badcipri · age_up castle |
| 21:56 | badcipri · first_building Castle |
| 21:59 | lumpuy1 · age_up castle |
| 22:06 | badcipri · first_market_buy 100 wood |
| 22:27 | badcipri · first_market_sell 100 wood |
| 22:49 | lumpuy1 · first_building Castle |
| 22:55 | Ciccione · age_up castle |
| 25:03 | lumpuy1 · wall_segment Stone Wall x22 |
| 26:07 | lumpuy1 · first_market_sell 500 wood |
| 26:12 | Ciccione · first_building Monastery |
| 26:12 | badcipri · wall_segment Stone Wall x13 |
| 26:53 | badcipri · first_building Monastery |
| 27:24 | bryanrojasn · first_building Monastery |
| 27:28 | redcosmosan · first_building Archery Range |
| 27:29 | Ciccione · resign |
| 28:26 | bryanrojasn · first_building Castle |
[ AI ANALYSIS · 1 CREDIT ]
What really happened in this match?
Wolo.gg analyzes every decision: build order, eco, micro, common mistakes by bracket. Personalized analysis on WhatsApp or Discord in 30 seconds.
Civ guide
Bohemians
Perfil
badcipri